 Dungeon Crawl Stone Soup version 0.29.0-10-g45618ea6d2 (webtiles) character file.

Game seed: 9151100626445603805

254 doricub5 the Trooper (level 5, -4/50 HPs)
             Began as a Minotaur Berserker on Sept 1, 2022.
             Was a Believer of Trog.
             Slain by a gnoll
             ... wielding a +0 halberd
              (11 damage)
             ... on level 4 of the Dungeon.
             The game lasted 00:11:15 (3745 turns).

doricub5 the Trooper (Minotaur Berserker)           Turns: 3745, Time: 00:11:16

Health: -4/50      AC:  5    Str: 23    XL:     5   Next: 91%
Magic:  4/4        EV: 12    Int:  4    God:    Trog [**....]
Gold:   103        SH:  0    Dex: 10    Spells: 4/4 levels left

rFire   + . .      SeeInvis .   o - +8 dagger of the Indestructible God {vorpal, rF+ Stlth+}
rCold   + . .      Faith    .   (no shield)
rNeg    + . .      Spirit   .   n - +2 leather armour {rN+}
rPois   .          Reflect  .   (helmet restricted)
rElec   .          Harm     .   (no cloak)
rCorr   .          Rampage  .   (no gloves)
Will    .....                   (no boots)
Stlth   ++........              (no amulet)
HPRegen 0.16/turn               c - ring of protection from cold
MPRegen 0.09/turn               (no ring)

@: no status effects
A: horns 2, retaliatory headbutt
a: Renounce Religion, Berserk, Trog's Hand


You were on level 4 of the Dungeon.
You worshipped Trog.
Trog was pleased with you.
You visited 1 branch of the dungeon, and saw 4 of its levels.

You collected 103 gold pieces.

Inventory:

Hand Weapons
 o - the +8 dagger of the Indestructible God (weapon) {vorpal, rF+ Stlth+}
   (You found it on level 4 of the Dungeon)

   It inflicts extra damage upon your enemies.
   rF:        It protects you from fire.
   Stlth:     It makes you more stealthy.
Missiles
 h - 3 boomerangs (quivered)
Armour
 n - a +2 leather armour of positive energy (worn)
Jewellery
 c - a ring of protection from cold (left hand)
Wands
 m - a wand of iceblast (8)
Scrolls
 e - a scroll of poison {unknown}
 f - a scroll of noise {unknown}
 k - 2 scrolls of teleportation {unknown}
 l - a scroll of silence {unknown}
Potions
 a - a potion of curing
 b - 2 potions of attraction {unknown}
 d - a potion of brilliance {unknown}
 i - 2 potions of mutation {unknown}
 j - a potion of cancellation {unknown}


   Skills:
 * Level 6.2 Fighting
 - Level 3.6 Polearms
 + Level 4.2 Armour
 + Level 3.8 Dodging


You had 4 spell levels left.
You didn't know any spells.
Your spell library was empty.

Dungeon Overview and Level Annotations

Branches:
Dungeon (4/15)
 Temple: D:4-7

Altars:
Cheibriados
Fedhas
Nemelex Xobeh
Zin


Innate Abilities, Weirdness & Mutations

You have a pair of horns on your head.
You reflexively headbutt those who attack you in melee.


Message History

You furiously retaliate!
You headbutt the gnoll! You puncture the gnoll!
You kill the gnoll!
Trog accepts your kill.
The gnoll hits you from afar with a +0 halberd!
You closely miss the gnoll.
You headbutt the gnoll, but do no damage.
The gnoll hits you with a +0 club. The gnoll barely misses you.
You hit the gnoll.
The gnoll is moderately wounded.
The gnoll hits you with a +0 club!
The gnoll hits you from afar with a +0 halberd.
You are too injured to fight recklessly!
You are too injured to fight recklessly!
You are too injured to fight recklessly!
You hit the gnoll.
The gnoll is severely wounded.
The gnoll hits you with a +0 club. The gnoll barely misses you.
You hit the gnoll but do no damage.
The gnoll is severely wounded.
The gnoll hits you with a +0 club.
The gnoll hits you from afar with a +0 halberd!
* * * LOW HITPOINT WARNING * * *
You hit the gnoll.
You kill the gnoll!
Trog accepts your kill. The gnoll barely misses you.
The gnoll barely misses you.
Things that are here:
a +0 club; a +0 halberd; a gnoll corpse You barely miss the gnoll.
You punch the gnoll, but do no damage. The gnoll completely misses you.
You hit the gnoll.
The gnoll is moderately wounded.
The gnoll hits you with a +0 halberd.
* * * LOW HITPOINT WARNING * * *
You hit the gnoll but do no damage.
The gnoll is moderately wounded.
The gnoll hits you with a +0 halberd!
You die...

.....# .)...# .....#
.....# .....#
..(..###### .....##
#.###.....# ..>...#
#.###.###.#### .....
#.##..# #....# ##...
#.##.## ####.# #.g#
#.##.# #)# #@# ).#..#
#.###.#
..#.########...#.#
....<.....####...#
..........# #.....#
..#######..............
#.# ...#.###...## #.#
###...# ##.# #.# ##...
.#


You could see a gnoll.

Vanquished Creatures
  An orc priest (D:3)
  A hound (D:4)
  An iron imp (D:3)
  Ijyb (D:4)
  An orc wizard (D:3)
  An iguana (D:2)
  2 gnolls (D:4)
  2 adders (D:3)
  2 worms (D:3)
  A dart slug (D:3)
  2 orcs (D:3)
  5 ball pythons
  3 bats (D:2)
  4 endoplasms
  7 goblins
  2 hobgoblins (D:2)
  3 jackals (D:1)
  3 quokkas
  6 kobolds
  2 rats
50 creatures vanquished.

Notes
Turn   | Place    | Note
-------+----------+-------------------------------------------
     0 | D:1      | doricub5 the Minotaur Berserker began the quest for the
                  | Orb.
     0 | D:1      | Reached XP level 1. HP: 19/19 MP: 0/0
   783 | D:1      | Reached skill level 4 in Fighting
   814 | D:1      | Reached XP level 2. HP: 27/27 MP: 1/1
  1350 | D:2      | Found a faded altar of an unknown god.
  1432 | D:2      | Reached XP level 3. HP: 17/34 MP: 2/2
  2350 | D:3      | Found a snail-covered altar of Cheibriados.
  2360 | D:3      | Reached skill level 5 in Fighting
  2360 | D:3      | Reached XP level 4. HP: 13/42 MP: 3/3
  2576 | D:3      | Reached ** piety under Trog
  2702 | D:3      | Found a sparkling altar of Nemelex Xobeh.
  2735 | D:3      | Noticed an angel
  2736 | D:3      | Found a glowing silver altar of Zin.
  2875 | D:3      | Reached XP level 5. HP: 31/48 MP: 4/4
  3257 | D:3      | Found a blossoming altar of Fedhas.
  3315 | D:4      | Reached skill level 6 in Fighting
  3466 | D:4      | Noticed Ijyb
  3486 | D:4      | Killed Ijyb
  3497 | D:4      | Identified the +8 dagger of the Indestructible God {vorpal,
                  | rF+ Stlth+}
  3745 | D:4      | Slain by a gnoll

Illustrated notes

Levels and vault maps discovered:
D:1:      minmay_arrival_floating_metal, layout_basic
D:2:      layout_loops_ring, hellmonk_ecumenical_altar_arch_garden,
          serial_glass, glass_columns_c, glass_columns_a,
          nicolae_concentric_dashed_squares_mild, nrook_campfire
D:3:      layout_rooms, mainiacjoe_overflow_chevrons, nemelex_dance_club_becter,
          zin_angel, slow_altar_1
D:4:      layout_rooms, lemuel_coloured_pillars_altar, uniq_pikel, uniq_ijyb,
          uniq_natasha

Skill      XL: |  1  2  3  4  5 |
---------------+----------------+-----
Fighting       | 4 5 6 |  6.2
Armour         | 3 4 |  4.2
Dodging        | 3 |  3.8
Polearms       | |  3.6

Action                   |  1- 3 |  4- 6 || total
-------------------------+-------+-------++-------
Melee: Spear             |    92 |    68 ||   160
       Headbutt          |    12 |    14 ||    26
       Dagger            |       |    11 ||    11
       Punch             |       |     1 ||     1
 Stab: Sleeping          |     1 |       ||     1
Armor: Animal skin       |     4 |       ||     4
       Robe              |    10 |     4 ||    14
Dodge: Dodged            |    32 |    28 ||    60
